 Dungeon Crawl Stone Soup version 0.17-a0-1805-g6093636 (webtiles) character file.

361 Cerol the Insei (level 6, -5/47 HPs)
             Began as a Vampire Monk on Sept 13, 2015.
             Slain by zeke's ghost (6 damage)
             ... on level 4 of the Dungeon.
             The game lasted 00:09:41 (2909 turns).

Cerol the Insei (Vampire Monk)                      Turns: 2909, Time: 00:09:41

Health: -5/47      AC:  4    Str: 10    XL:     6   Next: 38%
Magic:  0/6        EV:  9    Int: 13    God:
Gold:   108        SH:  0    Dex: 18    Spells: 0 memorised, 5 levels left

rFire  . . .     SeeInvis +     h - +4 dagger
rCold  . . .     Clarity  .     i - +1 leather armour
rNeg   + . .     SustAt   .     (no shield)
rPois  .         Gourm    .     (no helmet)
rElec  .         Spirit   +     (no cloak)
rCorr  .         Warding  .     (no gloves)
rMut   .         Stasis   .     (no boots)
MR     .....                    j - amulet of guardian spirit
Stlth  +++.......               (no ring)
                                (no ring)

@: not resistant to hostile enchantments, fairly stealthy
A: fangs 3, see invisible, unbreathing
a: Bat Form


You were on level 4 of the Dungeon.
You were not thirsty.

You visited 1 branch of the dungeon, and saw 4 of its levels.

You collected 108 gold pieces.

Inventory:

Hand weapons
 c - a +0 club
 f - a +2 dagger of venom
 h - a +4 dagger (weapon)
Armour
 a - a +0 robe
 i - a +1 leather armour (worn)
Jewellery
 j - an amulet of guardian spirit (around neck)
Scrolls
 d - 2 scrolls of identify
Potions
 b - 18 potions of blood
 e - 2 potions of curing
 k - a potion of brilliance
Books
 g - a book of the Dragon

   Spells                             Type                      Level
   a - Flame Tongue                   Conjuration/Fire             1
   b - Cause Fear                     Hexes                        4
   c - Bolt of Fire                   Conjuration/Fire             6
   d - Dragon Form                    Transmutation                7
   e - Dragon's Call                  Summoning                    9


   Skills:
 + Level 3.5 Fighting
 + Level 1.9 Armour
 + Level 4.7 Dodging
 + Level 4.2 Stealth
 + Level 6.2 Unarmed Combat


You had 5 spell levels left.
You didn't know any spells.

Dungeon Overview and Level Annotations

Branches:
Dungeon (4/15)             Temple (0/1) D:4

Altars:

Annotations:
D:4 zeke's ghost, average TrEE


Innate Abilities, Weirdness & Mutations

You have razor-sharp teeth.
You have supernaturally acute eyesight.
You can survive without breathing.


Message History

An orc priest comes into view. It is wielding a club.
The orc priest shouts!
You open the door.
An orc priest opens the door.
Zeke's ghost closely misses you.
Found a staircase to the Ecumenical Temple.
An orc comes into view. It is wielding a dagger.
An adder comes into view.
There is an open door here. 2 orcs come into view.
The orc moves out of view.
You can't go down here!
You can't go up here!
You can't go down here!
The orc shouts!
The orc priest hits you with a club.
* * * LOW HITPOINT WARNING * * *
There is a staircase to the Ecumenical Temple here.
The orc shouts!
Zeke's ghost hits you!
You die...

### #.. #.# #.#
###.### #######
######⌠.⌠######
##.....#.@.'o..So
...#####⌠Wo#####o
#.# ###o### #.#
###o### ## ##.##
#.# .# #...#
###.###### .#
#...# #..........
.#
#...####.#......##
.#
#...!....<##.#.##


You could see an orc priest, zeke's ghost, an adder (wandering) and 5 orcs.

Vanquished Creatures
  The ghost of Crossbreed666 the Insei, an average DsMo of Dithmenos (D:3)
  A scorpion (D:4)
  Jessica (D:3)
  Robin (D:3)
  8 adders
  2 worms
  A giant gecko (D:4)
  An orc (D:3)
  5 bats
  3 giant cockroaches
  12 goblins
  10 hobgoblins
  2 jackals (D:1)
  A quokka (D:3)
  3 giant newts
  4 kobolds (D:1)
  10 rats
66 creatures vanquished.

Notes
Turn   | Place    | Note
--------------------------------------------------------------
     0 | D:1      | Cerol the Vampire Monk began the quest for the Orb.
     0 | D:1      | Reached XP level 1. HP: 17/17 MP: 1/1
   219 | D:1      | Reached XP level 2. HP: 18/23 MP: 2/2
   531 | D:1      | Reached skill level 5 in Unarmed Combat
   801 | D:2      | Reached XP level 3. HP: 28/28 MP: 3/3
  1882 | D:2      | Reached XP level 4. HP: 34/34 MP: 4/4
  1904 | D:3      | Noticed Crossbreed666's ghost (average DsMo)
  1918 | D:3      | Noticed Robin
  1952 | D:3      | Killed Robin
  2332 | D:3      | Noticed Jessica
  2340 | D:3      | Killed Jessica
  2392 | D:3      | Reached skill level 1 in Armour
  2418 | D:3      | Killed Crossbreed666's ghost
  2418 | D:3      | Reached skill level 6 in Unarmed Combat
  2418 | D:3      | Reached XP level 5. HP: 22/41 MP: 5/5
  2418 | D:3      | Reached XP level 6. HP: 25/47 MP: 6/6
  2884 | D:4      | Noticed zeke's ghost (average TrEE)
  2897 | D:4      | HP: 2/47 [zeke's ghost (10)]
  2905 | D:4      | Found a staircase to the Ecumenical Temple.
  2908 | D:4      | HP: 1/47 [orc priest/club (2)]
  2909 | D:4      | Slain by zeke's ghost

Vault maps used:
D:1:      dpeg_arrival_solitude
D:2:      glass_columns_a, grunt_ministairs_6, minmay_distorted
D:3:      gup_sewer_entry_pipe, first_bread, kennysheep_cross_room,
          uniq_jessica, uniq_robin
D:4:      grunt_temple_overflow_diamond, temple_doors_e, uniq_menkaure

Action                   |  1- 3 |  4- 6 || total
-------------------------+-------+-------++-------
Melee: Unarmed           |   132 |   119 ||   251
       Dagger            |       |     8 ||     8
  Use: Potion            |     9 |     5 ||    14
       Scroll            |     4 |     5 ||     9
 Stab: Sleeping          |     6 |     3 ||     9
